 Dungeon Sprint DCSS version 0.28.0-53-g5a82cb258f (webtiles) character file.

Game seed: 13776345212515146765

619 Sanktem7 the Fighter (level 7, 0/70 (79) HPs)
             Began as a Minotaur Fighter on June 30, 2022.
             Was an Initiate of Ru.
             Slain by Sonja
             ... wielding a +3 short sword of draining
              (1 damage)
             ... in the Dungeon (Sprint I: "Red Sonja").
             The game lasted 00:03:29 (636 turns).

Sanktem7 the Fighter (Minotaur Fighter)              Turns: 636, Time: 00:03:30

HP:   0/70 (79)     AC:  7    Str: 23    XL:     7   Next: 21%
MP:   6/6           EV:  9    Int:  5    God:    Ru [......]
Gold: 405           SH:  4    Dex:  9    Spells: 6/6 levels left

rFire   . . .      SeeInvis .   a - +0 war axe {axe}
rCold   . . .      Faith    .   c - +0 buckler
rNeg    . . .      Spirit   .   b - +0 scale mail
rPois   .          Reflect  .   (helmet restricted)
rElec   .          Harm     .   (no cloak)
rCorr   .          Rampage  .   (no gloves)
Will    .....      NoTele   +   (no boots)
Stlth   ..........              (no amulet)
HPRegen 0.21/turn               (no ring)
MPRegen 0.10/turn               (no ring)

@: lethally poisoned (0 -> -23), slowed, heavily drained, very slow
A: horns 2, retaliatory headbutt
a: Renounce Religion


You were in the Dungeon.
You worshipped Ru.
Ru was noncommittal.
You visited 1 branch You collected 405 gold pieces.


Innate Abilities, Weirdness & Mutations

You have a pair of horns on your head.
You reflexively headbutt those who attack you in melee.


   Skills:
 * Level 13.1 Fighting
 * Level 12.8 Axes
 + Level 6.3 Armour
 - Level 3.6 Shields


You had 6 spell levels left.
You didn't know any spells.
Your spell library was empty.

Inventory:

Hand Weapons
 a - a +0 war axe (weapon) {axe}
Missiles
 l - 15 stones (quivered) {throwing}
Armour
 b - a +0 scale mail (worn)
 c - a +0 buckler (worn)
Wands
 k - a wand of polymorph (12)
   (You took it off Ijyb in the Dungeon)
Scrolls
 j - a scroll of blinking {!r}
Potions
 d - a potion of might
 e - a potion of curing {@q1}
 f - a potion of heal wounds {@q2}
 g - a potion of haste {@q3}
 h - 2 potions of magic
 i - a potion of berserk rage {!q}

Dungeon Overview and Level Annotations

Branches:
Dungeon (1/1)

Altars:
Cheibriados
Dithmenos
Elyvilon
Fedhas
Gozag
Hepliaklqana
Kikubaaqudgha
Makhleb
Nemelex Xobeh
Okawaru
Qazlal
Ru
Sif Muna
Trog
Uskayaw
Vehumet
Wu Jian
Xom
Yredelemnul
Zin
The Shining One
Jiyva
Lugonu

Shops:
D (

Annotations:
D Sonja

#<.#..').#..'..#__#..+
#..)..#..').#..'..'..#
#..#####'#####'#__####
#..####..#...#.####
#..#__####..##[#
#..#_____##'#_.+
#⌠⌠#_.∩...'..._#
####_..__##_K#+#
#_____###@# #######
#.# +$.$+ #$.$# ##.##
#+#


You could see Sonja.


Message History

You now have 405 gold pieces (gained 27).
There is an open door here.
You open the door.
A yak comes into view.
The yak bellows!
Found Tiguahipt's Antique Weapon Emporium.
Found eight altars.
You hit the yak. The yak gores you but does no damage.
You slice the yak!! The yak gores you! 😕 HP[-8]
You take 8 damage, and now have 63/71 hp.
You hit the yak but do no damage. The yak closely misses you.
You furiously retaliate!
You headbutt the yak. You slash the yak! The yak gores you but does no damage.
You barely miss the yak. You headbutt the yak.
You kill the yak!
Your Fighting skill increases to level 13!
Your Armour skill increases to level 6!
You have reached level 7! 😕 HP[+8] MP[+1]
You now have 79 max hp (+8).
You regained 8 hp, and now have 71/79 hp.
Your mp is fully restored (6).
Found seven altars.
There is an open door, spattered with blood here.
Found a sparkling altar of Nemelex Xobeh. 😕 HP[+1]
There is an entrance to Tiguahipt's Antique Weapon Emporium here.
There is an iron altar of Okawaru here.
You kneel at the altar of Okawaru. 😕 HP[+1]
There is a sacrificial altar of Ru here.
You kneel at the altar of Ru.
Ru welcomes you!
You start resting. 😎 HP[+6]
Your hp is fully restored (79).
There is an entrance to Tiguahipt's Antique Weapon Emporium here.
There are no items here.
There is an open door, spattered with blood here.
As you open the door, it creaks loudly!
Sonja, the Graceful Assassin comes into view.
She is wielding a +3 short sword of draining and quivering curare-tipped darts.
Sonja shouts!
Sonja throws a curare-tipped dart.
The curare-tipped dart hits you.
You are poisoned.
You have difficulty breathing.
You feel yourself slow down. 😕 HP[-10]
You take 10 damage, and now have 69/79 hp.
You feel very sick.
Sonja mumbles some strange words.
Sonja blinks!
There is an open door here. 😕 HP[-4]
You take 4 damage, and now have 65/79 hp.
You feel very sick.
Sonja throws a curare-tipped dart.
The curare-tipped dart hits you.
You are more poisoned.
You have difficulty breathing.
You feel as though you will be slow longer.
Sonja throws a curare-tipped dart.
The curare-tipped dart hits you.
You are more poisoned.
You have difficulty breathing.
You feel as though you will be slow longer. 😮 HP[-16]
You take 16 damage, and now have 49/79 hp.
MASSIVE DAMAGE!! (PAUSE)
* * * LOW HITPOINT WARNING * * *
You feel extremely sick. You block Sonja's attack.
Sonja hits you with a +3 short sword of draining.
* * * LOW HITPOINT WARNING * * *
You feel drained.
Sonja hits you with a +3 short sword of draining.
* * * LOW HITPOINT WARNING * * *
You feel drained.
There is an open door here. 😨 HP[-15]
You now have 77 max hp (-2).
You take 15 damage, and now have 34/77 hp.
You closely miss Sonja.
* * * LOW HITPOINT WARNING * * *
You feel extremely sick.
Sonja hits you with a +3 short sword of draining.
* * * LOW HITPOINT WARNING * * *
You feel drained.
Sonja hits you with a +3 short sword of draining.
* * * LOW HITPOINT WARNING * * *
You feel drained.
* * * LOW HITPOINT WARNING * * *
Sonja hits you with a +3 short sword of draining.
* * * LOW HITPOINT WARNING * * *
You feel drained.
* * * LOW HITPOINT WARNING * * *
Sonja hits you but does no damage.
You feel drained.
Sonja hits you with a +3 short sword of draining.
* * * LOW HITPOINT WARNING * * *
You feel drained.
You die...

Skill      XL: |  1  2  3  4  5  6 |
---------------+-------------------+-----
Fighting       | 5 8 11 13 | 13.1
Axes           | 5 8 10 11 12 | 12.8
Armour         | 4 6 |  6.3
Shields        | |  3.6

Action                   |  1- 3 |  4- 6 |  7- 9 || total
-------------------------+-------+-------+-------++-------
Melee: Unarmed           |     5 |       |       ||     5
       War axe           |     2 |    22 |     1 ||    25
       Headbutt          |     1 |     6 |       ||     7
Armor: Skin              |     3 |       |       ||     3
       Scale mail        |       |     6 |     1 ||     7
Dodge: Dodged            |     2 |     4 |       ||     6
Block: Buckler           |       |     2 |     1 ||     3

Levels and vault maps discovered:
D:        dungeon_sprint_1 [red_sonja_temple_1, red_sonja_temple_small_1]

Notes
Turn   | Place    | Note
-------+----------+-------------------------------------------
     0 | D        | Sanktem7 the Minotaur Fighter began the quest for the Orb.
     0 | D        | Reached XP level 1. HP: 19/19 MP: 0/0
     0 | D        | magus.rc [v1.9.6]
     9 | D        | Noticed Ijyb
    18 | D        | Killed Ijyb
    19 | D        | Reached skill level 5 in Fighting
    19 | D        | Reached skill level 5 in Axes
    19 | D        | Reached XP level 2. HP: 30/30 MP: 1/1
   123 | D        | Noticed an ogre
   126 | D        | Killed an ogre
   127 | D        | Reached skill level 8 in Fighting
   127 | D        | Reached skill level 8 in Axes
   127 | D        | Reached XP level 3. HP: 23/41 MP: 2/2
   127 | D        | Reached XP level 4. HP: 27/49 MP: 3/3
   270 | D        | Noticed Sigmund
   283 | D        | Killed Sigmund
   284 | D        | Reached skill level 11 in Fighting
   284 | D        | Reached skill level 10 in Axes
   284 | D        | Reached XP level 5. HP: 19/60 MP: 4/4
   497 | D        | Found a shimmering blue altar of Sif Muna.
   498 | D        | Found an ornate altar of the Wu Jian Council.
   499 | D        | Found a radiant altar of Vehumet.
   503 | D        | Reached skill level 11 in Axes
   503 | D        | Reached skill level 4 in Armour
   503 | D        | Reached XP level 6. HP: 63/68 MP: 5/5
   527 | D        | Found a viscous altar of Jiyva.
   527 | D        | Found a corrupted altar of Lugonu.
   527 | D        | Noticed a slime creature
   528 | D        | Found a burning altar of Makhleb.
   528 | D        | Found a shimmering altar of Xom.
   532 | D        | Killed a slime creature
   533 | D        | Reached skill level 12 in Fighting
   533 | D        | Reached skill level 12 in Axes
   533 | D        | Reached skill level 5 in Armour
   583 | D        | Found Tiguahipt's Antique Weapon Emporium.
   583 | D        | Found an ancient bone altar of Kikubaaqudgha.
   583 | D        | Found a hazy altar of Hepliaklqana.
   583 | D        | Found a hide-covered altar of Uskayaw.
   583 | D        | Found a basalt altar of Yredelemnul.
   583 | D        | Found an opulent altar of Gozag.
   583 | D        | Found a snail-covered altar of Cheibriados.
   583 | D        | Found a sacrificial altar of Ru.
   583 | D        | Found a shadowy altar of Dithmenos.
   583 | D        | Noticed a yak
   588 | D        | Killed a yak
   589 | D        | Reached skill level 13 in Fighting
   589 | D        | Reached skill level 6 in Armour
   589 | D        | Reached XP level 7. HP: 71/79 MP: 6/6
   589 | D        | Found a stormy altar of Qazlal.
   589 | D        | Found a blossoming altar of Fedhas.
   589 | D        | Found a bloodstained altar of Trog.
   589 | D        | Found an iron altar of Okawaru.
   589 | D        | Found a glowing golden altar of the Shining One.
   589 | D        | Found a glowing silver altar of Zin.
   589 | D        | Found a white marble altar of Elyvilon.
   590 | D        | Found a sparkling altar of Nemelex Xobeh.
   599 | D        | Became a worshipper of Ru the Awakened
   632 | D        | Noticed Sonja
   636 | D        | HP: 18/77 [Sonja/+3 short sword of draining (6)]
   636 | D        | HP: 5/74 [Sonja/+3 short sword of draining (5)]
   636 | D        | HP: 1/71 [Sonja/+3 short sword of draining (2)]
   636 | D        | Slain by Sonja

Vanquished Creatures
  A slime creature (D)
  Sigmund (D)
  A yak (D)
  An ogre (D)
  A jelly (D)
  Ijyb (D)
6 creatures vanquished.

Table legend:
 A = Non-vault XP
 B = Vault XP
 C = Vault XP percentage of total XP
 D = Non-vault monster count
 E = Vault monster count
 F = Vault count percentage of total count
                 A         B        C        D         E       F
            +---------+---------+-------+---------+---------+-------
      Total |       0 |     885 | 100.0 |       0 |       6 | 100.0
            +---------+---------+-------+---------+---------+-------
          D |       0 |     885 | 100.0 |       0 |       6 | 100.0
            +---------+---------+-------+---------+---------+-------

Illustrated notes

Table legend:
 A = Kills in this place as a percentage of kills in entire the game.
 B = Kills by you in this place as a percentage of kills by you in the entire game.
 C = Kills by friends in this place as a percentage of kills by friends in the entire game.
 D = Other kills in this place as a percentage of other kills in the entire game.
 E = Experience gained in this place as a percentage of experience gained in the entire game.
 F = Experience gained in this place divided by the number of levels of this place that you have seen.
                   A       B       C       D       E      F
               +-------+-------+-------+-------+-------+----------------------
         Total | 100.0 | 100.0 |   N/A |   N/A | 100.0 | 885.0
       Dungeon | 100.0 | 100.0 |   N/A |   N/A | 100.0 | 885.0
               +-------+-------+-------+-------+-------+----------------------

Table legend: (Time is in decaauts)
 A = Elapsed time spent in this place.
 B = Non-inter-level travel time spent in this place.
 C = Inter-level travel time spent in this place.
 D = Time resting spent in this place.
 E = Time spent auto-exploring this place.
 F = Levels seen in this place.
 G = Mean time per level.
                   A        B        C        D        E       F      G
               +--------+--------+--------+--------+--------+-----+--------+
         Total |    639 |    639 |      0 |    480 |      0 |   1 |  639.0 |
       Dungeon |    639 |    639 |      0 |    480 |      0 |   1 |  639.0 |
               +--------+--------+--------+--------+--------+-----+--------+

Top non-repeatable levels by time:
       D: 639 daAuts
